 Dungeon Crawl Stone Soup version 0.21-a0-625-g1119ec1 (webtiles) character file.

2806 kibaces the Firebug (level 9, -3/51 HPs)
             Began as an Octopode Fire Elementalist on Dec 24, 2017.
             Was a Follower of Vehumet.
             Slain by a big kobold
             ... wielding a +0 dagger
              (8 damage)
             ... on level 7 of the Dungeon.
             The game lasted 00:33:49 (11653 turns).

kibaces the Firebug (Octopode Fire Elementalist)   Turns: 11653, Time: 00:33:50

Health: -3/51      AC:  1    Str:  7    XL:     9   Next: 72%
Magic:  8/17       EV:  2    Int: 20    God:    Vehumet [*.....]
Gold:   300        SH:  0    Dex: -7 (13) Spells: 13/19 levels left

rFire    + . .     SeeInvis .   A - +1 whip (elec)
rCold    x . .     Gourm    .   y - +0 buckler
rNeg     + . .     Faith    .   (helmet restricted)
rPois    .         Spirit   .   c - amulet of regeneration (curse)
rElec    .         Reflect  .   d - ring of fire
rCorr    +         Harm     .   l - ring of resist corrosion
MR       .....                  v - ring of positive energy (curse)
Stlth    ..........             f - -2 ring of slaying (curse)
HPRegen  0.57/turn              (no ring)
MPRegen  0.15/turn              (no ring)
                                (no ring)
                                (no ring)

@: slowed, lost dexterity, very slow
A: almost no armour, stealthy swim, amphibious, 8 rings, constrict 8, camouflage
1, gelatinous body 1
a: Renounce Religion


You were on level 7 of the Dungeon.
You worshipped Vehumet.
Vehumet was aware of your devotion.
You were not hungry.

You visited 1 branch of the dungeon, and saw 7 of its levels.
You also visited: Sewer.

You collected 300 gold pieces.

Inventory:

Hand Weapons
 A - a +1 whip of electrocution (weapon)
Armour
 y - a +0 buckler (worn)
Jewellery
 c - a cursed amulet of regeneration (around mantle)
 d - a ring of fire (left tentacle)
 f - a cursed -2 ring of slaying (on tentacle)
 l - a ring of resist corrosion (right tentacle)
 p - an uncursed ring of fire
 q - an uncursed ring of fire
 v - a cursed ring of positive energy (on tentacle)
Wands
 m - a wand of acid (8)
 r - a wand of digging (7)
 x - a wand of iceblast (10)
Scrolls
 e - 2 scrolls of immolation
 g - 2 scrolls of remove curse
 h - 5 scrolls of identify
 n - 2 scrolls of amnesia
 s - a scroll of fog
 t - 3 scrolls of teleportation
 u - a scroll of enchant weapon
Potions
 i - 5 potions of curing {unknown}
 j - 2 potions of haste {unknown}
 k - 4 potions of flight {unknown}
 o - 2 potions of might
 w - a potion of degeneration {unknown}
 z - a potion of brilliance {unknown}
Books
 a - a book of Flames

   Spells                             Type                      Level
   a - Flame Tongue                   Conjuration/Fire             1
   b - Throw Flame                    Conjuration/Fire             2
   c - Conjure Flame                  Conjuration/Fire             3
   d - Inner Flame                    Hexes/Fire                   3
   e - Sticky Flame                   Conjuration/Fire             4
   f - Fireball                       Conjuration/Fire             5
Comestibles
 b - 8 rations


   Skills:
 + Level 5.6 Dodging
 - Level 6.0 Stealth
 - Level 4.0 Shields
 + Level 5.7 Spellcasting
 + Level 6.4 Conjurations
 + Level 6.4 Fire Magic


You had 13 spell levels left.
You knew the following spells:

 Your Spells              Type           Power        Failure   Level  Hunger
a - Flame Tongue          Conj/Fire      #####        1%          1    None
b - Throw Flame           Conj/Fire      #####.       1%          2    None
c - Conjure Flame         Conj/Fire      #####...     2%          3    ##.....


Dungeon Overview and Level Annotations

Branches:
Dungeon (7/15)             Temple (0/1) D:7

Altars:
Cheibriados
Dithmenos
Fedhas
Hepliaklqana
Kikubaaqudgha
Makhleb
Okawaru
Sif Muna
Uskayaw
Vehumet
Wu Jian
Xom

Shops:
D:6 =


Innate Abilities, Weirdness & Mutations

You cannot wear most types of armour.
You are very stealthy in the water. (Stealth+)
You are amphibious.
You can wear up to eight rings at the same time.
You can use your tentacles to constrict eight enemies at once.
Your skin changes colour to match your surroundings (Stealth+).
Your rubbery body absorbs attacks. (AC +1, EV +1)


Message History

Confirm with . or Enter, or press ? or * to list all spells.
Aiming: Flame Tongue
Press: ? - help, Shift-Dir - straight line, f/p - big kobold
Aim: a big kobold, wielding a dagger (lightly wounded)
You feel a surge of power!
The flame tongue hits the bullfrog.
You kill the bullfrog!
Vehumet accepts your kill.
Training target 4.0 for Shields reached!
Your Shields skill increases to level 4!
The kobold throws a stone.
The stone hits you.
* * * LOW HITPOINT WARNING * * *
Casting: Flame Tongue
Confirm with . or Enter, or press ? or * to list all spells.
Aiming: Throw Flame
Press: ? - help, Shift-Dir - straight line, f/p - big kobold
Aim: a big kobold, wielding a dagger (lightly wounded)
You feel a surge of power!
The puff of flame hits the big kobold.
The big kobold is heavily wounded.
The big kobold hits you with a dagger!
You die...

#..........# .
###..........# ..###
#............# .....
#.#..........# ......
###'###........##
...(..##.....#.........#
.......#.⌠.⌠.#.........+
#KsK.>..'(........#
###@⌠.⌠.######+##.#
#.....# # ###'###
######...# .........+
######...###+###
#........)...#
#............#
#(...........#


You could see a big kobold, a giant cockroach and a kobold.

Vanquished Creatures
  Pikel (D:5)
  Grinder (D:5)
  A hippogriff (D:5)
  Menkaure (D:5)
  A phantom (D:6)
  An ice beast (D:5)
  4 slaves (D:5)
  2 ogres
  Blork the orc (D:4)
  4 bullfrogs
  A scorpion (D:5)
  3 howler monkeys
  3 crimson imps (D:7)
  A quasit (D:5)
  2 hounds (D:5)
  5 orc wizards
  2 bullfrog skeletons (D:5)
  Ijyb (D:4)
  8 worker ants
  A hound zombie (D:5)
  A hound skeleton (D:4)
  Robin (D:3)
  9 adders
  5 gnolls
  4 river rats
  A shadow imp (D:6)
  An ooze (D:1)
  An adder zombie (D:5)
  An adder skeleton (D:6)
  5 worms
  5 dart slugs
  5 leopard geckos
  10 orcs
  6 ball pythons
  14 bats
  6 giant cockroaches
  12 hobgoblins
  14 jackals
  13 kobolds
  8 quokkas
  11 frilled lizards
  15 goblins
  A leopard gecko skeleton (D:7)
  2 quokka zombies
  15 rats
210 creatures vanquished.

Notes
Turn   | Place    | Note
-------+----------+-------------------------------------------
     0 | D:1      | kibaces the Octopode Fire Elementalist began the quest for the Orb.
     0 | D:1      | Reached XP level 1. HP: 11/11 MP: 3/3
   239 | D:1      | Reached XP level 2. HP: 7/17 MP: 0/5
   466 | D:1      | Learned a level 2 spell: Throw Flame
   926 | D:1      | Reached XP level 3. HP: 21/21 MP: 1/7
  1470 | D:1      | Reached XP level 4. HP: 26/27 MP: 2/8
  1525 | D:1      | Learned a level 3 spell: Conjure Flame
  2045 | D:2      | Found an ornate altar of the Wu Jian Council.
  3029 | D:3      | Found a deep blue altar of Sif Muna.
  3047 | D:3      | Reached XP level 5. HP: 13/31 MP: 1/10
  3581 | D:3      | Identified Sif Muna's Grimoire of the Escort
  4798 | D:4      | Reached XP level 6. HP: 34/36 MP: 1/11
  4880 | D:4      | Noticed Blork the orc
  4971 | D:4      | Noticed Robin
  5091 | D:5      | Entered Level 5 of the Dungeon
  5194 | D:5      | Noticed Grinder
  5216 | D:5      | Killed Grinder
  5216 | D:5      | Reached XP level 7. HP: 7/41 MP: 0/12
  5471 | D:5      | Reached skill level 5 in Stealth
  5601 | D:5      | Found a glowing drain.
  5608 | Sewer    | Entered a sewer
  6077 | D:5      | Noticed a hippogriff
  6118 | D:5      | Noticed Menkaure
  6122 | D:5      | Killed Menkaure
  6122 | D:5      | Reached XP level 8. HP: 46/46 MP: 9/14
  6499 | D:5      | Reached skill level 5 in Fire Magic
  6542 | D:5      | Reached skill level 5 in Conjurations
  7515 | D:3      | Killed Robin
  7732 | D:4      | Killed Blork the orc
  8276 | D:4      | Reached skill level 5 in Spellcasting
  8366 | D:4      | Noticed Ijyb
  8406 | D:4      | Killed Ijyb
  8761 | D:4      | Found a burning altar of Makhleb.
  9434 | D:5      | Noticed Pikel
  9447 | D:5      | Killed Pikel
  9447 | D:5      | Reached skill level 5 in Dodging
  9447 | D:5      | Reached XP level 9. HP: 51/51 MP: 2/17
 10008 | D:6      | Found an ancient bone altar of Kikubaaqudgha.
 10348 | D:6      | Found a hide-covered altar of Uskayaw.
 10349 | D:6      | Found a shadowy altar of Dithmenos.
 10349 | D:6      | Found a blossoming altar of Fedhas.
 10350 | D:6      | Found a snail-covered altar of Cheibriados.
 10350 | D:6      | Found an iron altar of Okawaru.
 10350 | D:6      | Found a shimmering altar of Xom.
 10350 | D:6      | Found a hazy altar of Hepliaklqana.
 10351 | D:6      | Found a radiant altar of Vehumet.
 10360 | D:6      | Became a worshipper of Vehumet
 10525 | D:6      | Found Dulala's Jewellery Shoppe.
 10984 | D:6      | Reached * piety under Vehumet
 10984 | D:6      | Offered knowledge of Sting by Vehumet.
 11027 | D:6      | Lost dexterity.
 11329 | D:7      | HP: 2/51 [crimson imp (2)]
 11544 | D:7      | Found a staircase to the Ecumenical Temple.
 11653 | D:7      | Slain by a big kobold

Vault maps used:
D:1:      dpeg_arrival_concentric_ovals
D:2:      mumra_celtic_spiral_tile, old_standard_altar, minmay_tetromino_i4
D:3:      led_sif_book
D:4:      kennysheep_mini_moat, first_ration, uniq_robin, uniq_ijyb,
          uniq_blork_the_orc
D:5:      lightli_sewer_entry_pipes, uniq_grinder, uniq_pikel, uniq_menkaure
D:6:      lemuel_ratsnest, overflow_temple_1_default,
          grunt_temple_overflow_open, serial_shops, shop_statue
D:7:      minmay_temple_entry_hall, basic_altar
Sewer:    sewer_frog_island_01

Skill      XL: |  1  2  3  4  5  6  7  8  9 |
---------------+----------------------------+-----
Spellcasting   | 3 4 5 |  5.7
Stealth        | 3 4 5 6 |  6.0
Conjurations   | 2 3 4 5 6 |  6.4
Fire Magic     | 4 6 |  6.4
Dodging        | 3 5 |  5.6
Shields        | 2 4 |  4.0

Action                   |  1- 3 |  4- 6 |  7- 9 || total
-------------------------+-------+-------+-------++-------
Melee: Unarmed           |    10 |    10 |    31 ||    51
       Constrict         |     2 |     4 |     9 ||    15
       Tentacles         |     1 |     2 |     5 ||     8
       Whip              |       |       |    50 ||    50
 Cast: Flame Tongue      |    49 |   134 |   178 ||   361
       Throw Flame       |       |     8 |   101 ||   109
       Conjure Flame     |       |       |     3 ||     3
Evoke: Wand              |       |       |     3 ||     3
  Use: Scroll            |       |    12 |     2 ||    14
       Potion            |       |     1 |       ||     1
  Eat: Chunk             |     2 |     2 |    14 ||    18
       Ration            |       |     3 |     2 ||     5
Armor: Skin              |     3 |     2 |    22 ||    27
Dodge: Dodged            |    20 |    46 |   145 ||   211
Block: Buckler           |       |       |     8 ||     8

Table legend:
 A = Spawn XP
 B = Non-spawn XP
 C = Spawn XP percentage of total XP
 D = Spawn monster count
 E = Non-spawn monster count
 F = Spawn count percentage of total count
 G = Total turns spent on level
                    A         B        C        D         E        F      G
               +---------+---------+-------+---------+---------+-------+---------
         Total |       0 |    4009 |   0.0 |       0 |     206 |   0.0 | 11653
               +---------+---------+-------+---------+---------+-------+---------
           D:1 |       0 |      83 |   0.0 |       0 |      31 |   0.0 |  1527
           D:2 |       0 |      74 |   0.0 |       0 |      30 |   0.0 |  1460
           D:3 |       0 |     147 |   0.0 |       0 |      24 |   0.0 |  1743
           D:4 |       0 |     457 |   0.0 |       0 |      29 |   0.0 |  2064
           D:5 |       0 |    2207 |   0.0 |       0 |      38 |   0.0 |  2761
           D:6 |       0 |     548 |   0.0 |       0 |      27 |   0.0 |  1318
           D:7 |       0 |     332 |   0.0 |       0 |       9 |   0.0 |   346
         Sewer |       0 |     161 |   0.0 |       0 |      18 |   0.0 |   434
               +---------+---------+-------+---------+---------+-------+---------
